 Dungeon Crawl Stone Soup version 0.24.0-13-gcf9b3192b9 (webtiles) character file.

Game seed: 14717322998941306649, levelgen mode: deterministic

767 Gynju the Magician (level 7, -9/36 HPs)
             Began as a Deep Elf Fire Elementalist on Nov 6, 2019.
             Killed by divine providence
             ... invoked by an orc priest
              (16 damage)
             ... on level 4 of the Dungeon.
             The game lasted 00:06:48 (4235 turns).

Gynju the Magician (Deep Elf Fire Elementalist)     Turns: 4235, Time: 00:06:49

Health: -9/36      AC:  5    Str:  5    XL:     7   Next: 52%
Magic:  2/18       EV: 15    Int: 22    God:
Gold:   242        SH:  3    Dex: 15    Spells: 10/18 levels left

rFire    . . .     SeeInvis .   x - +0 war axe
rCold    . . .     Gourm    .   (no shield)
rNeg     . . .     Faith    .   a - +0 robe
rPois    .         Spirit   .   (no helmet)
rElec    .         Reflect  +   (no cloak)
rCorr    .         Harm     .   (no gloves)
MR       .....                  (no boots)
Stlth    ++........             v - +3 amulet of reflection
HPRegen  0.12/turn              n - +3 ring of protection
MPRegen  0.16/turn              q - ring of wizardry

@: no status effects
A: no striking features
a: no special abilities


You were on level 4 of the Dungeon.
You were very hungry.

You visited 1 branch of the dungeon, and saw 5 of its levels.

You collected 242 gold pieces.

Inventory:

Hand Weapons
 x - a +0 war axe (weapon)
Missiles
 t - 4 silver boomerangs (quivered)
Armour
 a - a +0 robe (worn)
 w - a +0 pair of boots
Jewellery
 n - a +3 ring of protection (left hand)
 q - a ring of wizardry (right hand)
 v - a +3 amulet of reflection (around neck)
Wands
 u - a wand of disintegration (12)
Scrolls
 g - 5 scrolls of remove curse {unknown}
 i - 2 scrolls of magic mapping {unknown}
 j - a scroll of teleportation {unknown}
 k - a scroll of amnesia {unknown}
 l - 3 scrolls of identify {unknown}
 m - a scroll of blinking {unknown}
 o - 2 scrolls of fog {unknown}
 y - 2 scrolls of fear {unknown}
Potions
 b - a potion of mutation {unknown}
 d - a potion of agility {unknown}
 e - 2 potions of curing {unknown}
 f - a potion of might {unknown}
 h - a potion of resistance {unknown}
 p - a potion of brilliance {unknown}
 r - 3 potions of berserk rage {unknown}
 s - 2 potions of degeneration {unknown}
Comestibles
 c - 5 rations


   Skills:
 + Level 5.0 Dodging
 - Level 2.4 Stealth
 + Level 6.4 Spellcasting
 + Level 4.6 Conjurations
 + Level 5.8 Fire Magic


You had 10 spell levels left.
You knew the following spells:

 Your Spells              Type           Power        Failure   Level  Hunger
a - Flame Tongue          Conj/Fire      ####.        1%          1    None
b - Conjure Flame         Conj/Fire      ####....     1%          3    #......
c - Sticky Flame          Conj/Fire      ####....     4%          4    ###....

Your spell library contained the following spells:

 Spells                   Type           Power        Failure   Level  Hunger
 Throw Flame              Conj/Fire      ####..       1%          2    None
 Inner Flame              Hex/Fire       ###.....     3%          3    #......
 Fireball                 Conj/Fire      ####......   12%         5    #####..


Dungeon Overview and Level Annotations

Branches:
Dungeon (5/15)
 Temple: D:4-7

Altars:
Dithmenos
Nemelex Xobeh
Qazlal
Uskayaw
Xom

Annotations:
D:4 1 runed translucent door, AlterAsc's ghost, amateur OpTm


Message History

Level annotation: 1 runed translucent door, AlterAsc's ghost, amateur OpTm
There is a stone staircase leading down here.
You slash the orc priest!
The orc priest is severely wounded.
You hit the orc. The orc priest hits you. The orc barely misses you.
The orc priest invokes the aid of Beogh against you.
Beogh smites you!
* * * LOW HITPOINT WARNING * * *
The orc hits you with a +0 club.
* * * LOW HITPOINT WARNING * * *
You hit the orc priest.
The orc priest is almost dead.
You hit the orc but do no damage. You block the orc priest's attack.
The orc closely misses you.
You closely miss the orc priest.
The orc priest is almost dead.
You hit the orc.
The orc priest invokes the aid of Beogh against you.
Beogh smites you!
You die...

##...................##W..##...##
##.................#..##⌠##....#
##.....................###..#.##
#...........................[###
#....................###.......#
#####..####............#........
###.......................)...
#............o................
####..(........o@...##...........
<..###....#.#.......#............
..##≈######≈##........####.......
..#≈≈≈≈≈≈#≈≈≈#........#((#.......
.##≈≈≈#≈≈#≈≈≈#........#(.#._.....
.###≈##≈≈##÷##.....[..#..#.......
...#≈#≈≈≈≈#≈#.........####.......
...#≈#≈.≈≈#≈#....................
..##≈##≈≈##≈##....)..............


You could see 2 dancing weapons, an orc priest and an orc.

Vanquished Creatures
  Eustachio (D:5)
  A phantom (D:4)
  An ogre (D:4)
  A howler monkey (D:4)
  A crimson imp (D:4)
  An orc wizard (D:4)
  3 hounds (D:4)
  A bullfrog skeleton (D:4)
  An orc priest (D:4)
  A centaur skeleton (D:4)
  A worker ant (D:4)
  4 adders
  An ooze (D:3)
  3 adder skeletons (D:4)
  4 worms
  A dart slug (D:1)
  2 leopard geckos
  18 orcs
  7 giant cockroaches
  A goblin (D:2)
  5 hobgoblins
  3 jackals (D:2)
  8 kobolds
  2 quokkas
  12 bats
  7 frilled lizards
  4 rats
95 creatures vanquished.

Notes
Turn   | Place    | Note
-------+----------+-------------------------------------------
     0 | D:1      | Gynju the Deep Elf Fire Elementalist began the quest for
                  | the Orb.
     0 | D:1      | Reached XP level 1. HP: 10/10 MP: 6/6
   243 | D:1      | Reached XP level 2. HP: 11/15 MP: 6/8
   655 | D:1      | You fall into a shaft and drop 1 floor!
   733 | D:2      | Found a sparkling altar of Nemelex Xobeh.
   767 | D:2      | Reached XP level 3. HP: 15/19 MP: 1/10
  1250 | D:2      | Reached skill level 4 in Spellcasting
  1380 | D:2      | Learned a level 3 spell: Conjure Flame
  1522 | D:2      | Reached XP level 4. HP: 24/24 MP: 10/12
  1528 | D:2      | Learned a level 4 spell: Sticky Flame
  1869 | D:3      | Found a shadowy altar of Dithmenos.
  2453 | D:3      | Found a faded altar of an unknown god.
  2671 | D:4      | Reached XP level 5. HP: 19/28 MP: 8/13
  2956 | D:4      | Reached skill level 5 in Spellcasting
  2961 | D:4      | Reached XP level 6. HP: 19/32 MP: 7/15
  3107 | D:4      | Found a shimmering altar of Xom.
  3120 | D:4      | Reached skill level 5 in Fire Magic
  3281 | D:4      | Noticed a +0 dagger
  3281 | D:4      | Noticed a +0 hand axe
  3356 | D:4      | Found a hide-covered altar of Uskayaw.
  3402 | D:4      | Noticed AlterAsc's ghost (amateur OpTm)
  3466 | D:4      | Reached skill level 6 in Spellcasting
  3466 | D:4      | Reached XP level 7. HP: 36/36 MP: 5/18
  3563 | D:4      | Found a runed translucent door.
  3858 | D:4      | Found a stormy altar of Qazlal.
  4003 | D:5      | Entered Level 5 of the Dungeon
  4185 | D:5      | Noticed Eustachio
  4223 | D:5      | Killed Eustachio
  4223 | D:5      | Reached skill level 5 in Dodging
  4235 | D:4      | Killed from afar by an orc priest

Levels and vault maps discovered:
D:1:      zaba_arrival_water, layout_loops_corners
D:2:      layout_rooms, nemelex_xobeh_ov_fountains_minmay, first_ration,
          hangedman_abyss_or_decor_stabs
D:3:      layout_rooms, grunt_dithmenos_smoke_and_mirrors,
          chequers_ecumenical_altar_simple
D:4:      layout_rooms, lemuel_doored_altar, dancing_weapons_uskayaw,
          gup_sewer_entry_bubbles, hellmonk_ghost_happy_afterlife,
          nicolae_qazlal_general_emergency
D:5:      kennysheep_slugbush, layout_basic, lemuel_coloured_pillars_altar,
          fedhas_ov_isle_minmay, serial_shops, shop_statue, uniq_pikel,
          uniq_eustachio

Skill      XL: |  1  2  3  4  5  6  7 |
---------------+----------------------+-----
Conjurations   | 2 3 4 |  4.6
Fire Magic     | 4 5 |  5.8
Spellcasting   | 4 5 6 |  6.4
Dodging        | 3 4 5 |  5.0
Stealth        | |  2.4

Action                   |  1- 3 |  4- 6 |  7- 9 || total
-------------------------+-------+-------+-------++-------
Melee: Unarmed           |     5 |     2 |     2 ||     9
       War axe           |       |       |    29 ||    29
Throw: Boomerang         |       |       |     1 ||     1
 Cast: Flame Tongue      |    67 |   112 |    39 ||   218
       Conjure Flame     |       |     1 |     1 ||     2
  Eat: Chunk             |     2 |     5 |     2 ||     9
Armor: Robe              |     5 |     9 |    17 ||    31
Dodge: Dodged            |    27 |    44 |    64 ||   135
Block: Other             |       |       |    12 ||    12
